TOP OF THE 1ST |
Atlanta Braves batting - Pitching for Pittsburgh Pirates : RHP Vince Scripp
|
Pitching: RHP Vince Scripp
|
|
Batting: RHB Jeckel Hester
|
0-0: Ball 1-0: Foul Ball, location: 2F 1-1: Ground out 5-3 (Groundball, 5L, EV 102.5 MPH)
|
Batting: RHB Liangde Li
|
0-0: Called Strike 0-1: Ball 1-1: Ball 2-1: SINGLE (Groundball, 4MD, EV 102.5 MPH)
|
Batting: RHB Butch Kaiser
|
0-0: Ball 1-0: Ball Liangde Li steals 2nd base 2-0: Called Strike 2-1: Called Strike 2-2: Strikes out looking
|
Batting: SHB Brian Bagley
|
0-0: SINGLE (Groundball, 4MD, EV 102.5 MPH) Liangde Li to third Runner from 3rd tries for Home, SAFE, throw by CF to home
|
Batting: RHB Jordan Martin
|
0-0: Called Strike 0-1: Ball 1-1: Swinging Strike 1-2: Foul Ball, location: 2F 1-2: Ball 2-2: Ball 3-2: Ground out 6-3 (Groundball, 6, EV 87.5 MPH)
|
Top of the 1st over - 1 run, 2 hits, 0 errors, 1 left on base; Atlanta 1 - Pittsburgh 0 |
BOTTOM OF THE 1ST |
Pittsburgh Pirates batting - Pitching for Atlanta Braves : RHP Franz Holzknecht
|
Pitching: RHP Franz Holzknecht
|
|
Batting: RHB Eisse Bravenboer
|
0-0: Ball 1-0: Fly out, F5 (Line Drive, 5, EV 71.2 MPH)
|
Batting: RHB Steve Jordan
|
0-0: Ball 1-0: Ball 2-0: Called Strike 2-1: SINGLE (Flyball, 34D, EV 94.4 MPH)
|
Batting: SHB Marvin McAleer
|
0-0: Ball 1-0: Called Strike 1-1: Ball 2-1: Ball 3-1: SINGLE (Groundball, 4MS, EV 75.6 MPH) (infield hit) Steve Jordan to second
|
Batting: LHB Pat Sutton
|
0-0: Swinging Strike 0-1: Ball 1-1: Ball 2-1: Ball 3-1: SINGLE (Line Drive, 78S, EV 103.8 MPH) Steve Jordan to third Marvin McAleer to second
|
Batting: RHB Vincent Poopwell
|
0-0: Ball 1-0: Grounds into double play, 5-4-3 (Groundball, 5, EV 92.5 MPH)
|
Bottom of the 1st over - 0 runs, 3 hits, 0 errors, 2 left on base; Atlanta 1 - Pittsburgh 0 |
TOP OF THE 2ND |
Atlanta Braves batting - Pitching for Pittsburgh Pirates : RHP Vince Scripp
|
Batting: LHB Colin Worthington
|
0-0: Ball 1-0: Foul Ball, location: 2F 1-1: Foul Ball, location: 2F 1-2: Strikes out swinging
|
Batting: RHB Tade Post
|
0-0: Ball 1-0: Swinging Strike 1-1: Foul Ball, location: 2F 1-2: Ball 2-2: Strikes out swinging
|
Batting: LHB Chad Persaud
|
0-0: Ball 1-0: Called Strike 1-1: Ball 2-1: Foul Ball, location: 2F 2-2: DOUBLE (Line Drive, 9LD, EV 107.5 MPH)
|
Batting: RHB Garrison Feltham
|
0-0: Ball 1-0: Called Strike 1-1: Ball 2-1: Ball 3-1: Swinging Strike 3-2: Strikes out swinging
|
Top of the 2nd over - 0 runs, 1 hit, 0 errors, 1 left on base; Atlanta 1 - Pittsburgh 0 |
BOTTOM OF THE 2ND |
Pittsburgh Pirates batting - Pitching for Atlanta Braves : RHP Franz Holzknecht
|
Batting: LHB Theodore Conboy
|
0-0: Called Strike 0-1: Fly out, F9 (Flyball, 9, EV 88.8 MPH)
|
Batting: RHB Mike Bates
|
0-0: Ball 1-0: Fly out, F1 (Line Drive, P, EV 63.8 MPH)
|
Batting: RHB Tommie Eaton
|
0-0: Ball 1-0: Called Strike 1-1: Foul Ball, location: 2F 1-2: Strikes out swinging
|
Bottom of the 2nd over - 0 runs, 0 hits, 0 errors, 0 left on base; Atlanta 1 - Pittsburgh 0 |
TOP OF THE 3RD |
Atlanta Braves batting - Pitching for Pittsburgh Pirates : RHP Vince Scripp
|
Batting: RHB Jeckel Hester
|
0-0: SINGLE (Groundball, 23, EV 70.6 MPH) (infield hit)
|
Batting: RHB Liangde Li
|
0-0: Ball 1-0: Foul Ball, location: 2F 1-1: Called Strike 1-2: Strikes out looking
|
Batting: RHB Butch Kaiser
|
0-0: Ball 1-0: Called Strike 1-1: Ball 2-1: Called Strike 2-2: Ball 3-2: Strikes out looking
|
Batting: SHB Brian Bagley
|
0-0: Foul Ball, location: 2F 0-1: Ball 1-1: Called Strike Jeckel Hester steals 2nd base 1-2: Strikes out looking
|
Top of the 3rd over - 0 runs, 1 hit, 0 errors, 1 left on base; Atlanta 1 - Pittsburgh 0 |
BOTTOM OF THE 3RD |
Pittsburgh Pirates batting - Pitching for Atlanta Braves : RHP Franz Holzknecht
|
Batting: RHB David Contreras
|
0-0: Foul Ball, location: 2F 0-1: Ball 1-1: Called Strike 1-2: Ball 2-2: Ball 3-2: Foul Ball, location: 2F 3-2: Fly out, F9 (Flyball, 89S, EV 77.5 MPH)
|
Batting: RHB Eisse Bravenboer
|
0-0: Ball 1-0: Called Strike 1-1: Ball 2-1: Foul Ball, location: 2F 2-2: Foul Ball, location: 2F 2-2: Foul Ball, location: 2F 2-2: Foul Ball, location: 2F 2-2: Ball 3-2: Fly out, F9 (Flyball, 89S, EV 81.2 MPH)
|
Batting: RHB Steve Jordan
|
0-0: SINGLE (Groundball, 4MS, EV 69.4 MPH) (infield hit)
|
Batting: SHB Marvin McAleer
|
0-0: Ball 1-0: Fly out, F4 (Flyball, 4D, EV 80.6 MPH)
|
Bottom of the 3rd over - 0 runs, 1 hit, 0 errors, 1 left on base; Atlanta 1 - Pittsburgh 0 |
TOP OF THE 4TH |
Atlanta Braves batting - Pitching for Pittsburgh Pirates : RHP Vince Scripp
|
Batting: RHB Jordan Martin
|
0-0: Ball 1-0: Ball 2-0: Swinging Strike 2-1: DOUBLE (Line Drive, 78M, EV 100.0 MPH)
|
Batting: LHB Colin Worthington
|
0-0: Called Strike 0-1: Foul Ball, location: 2F 0-2: Strikes out swinging
|
Batting: RHB Tade Post
|
0-0: Called Strike 0-1: Swinging Strike 0-2: Foul Ball, location: 2F 0-2: Foul Ball, location: 2F 0-2: SINGLE (Groundball, 56D, EV 103.8 MPH) Jordan Martin to third
|
Batting: LHB Chad Persaud
|
0-0: Ball 1-0: Called Strike 1-1: Ball 2-1: Fielders Choice at 2nd, 6-4 (Groundball, 6, EV 102.5 MPH) Jordan Martin scores
|
Batting: RHB Garrison Feltham
|
0-0: Called Strike 0-1: Ball 1-1: Ball 2-1: Ball Chad Persaud is caught stealing 2nd base 2-4
|
Top of the 4th over - 1 run, 2 hits, 0 errors, 0 left on base; Atlanta 2 - Pittsburgh 0 |
BOTTOM OF THE 4TH |
Pittsburgh Pirates batting - Pitching for Atlanta Braves : RHP Franz Holzknecht
|
Batting: LHB Pat Sutton
|
0-0: Foul Ball, location: 2F 0-1: Swinging Strike 0-2: Strikes out looking
|
Batting: RHB Vincent Poopwell
|
0-0: Ball 1-0: Ball 2-0: Called Strike 2-1: Called Strike 2-2: SINGLE (Line Drive, 9S, EV 104.4 MPH)
|
Batting: LHB Theodore Conboy
|
0-0: Fielders Choice at 2nd, 3-6 (Groundball, 3S, EV 86.2 MPH)
|
Batting: RHB Mike Bates
|
0-0: Ball 1-0: Called Strike 1-1: Fly out, F8 (Line Drive, 8LM, EV 84.4 MPH)
|
Bottom of the 4th over - 0 runs, 1 hit, 0 errors, 1 left on base; Atlanta 2 - Pittsburgh 0 |
TOP OF THE 5TH |
Atlanta Braves batting - Pitching for Pittsburgh Pirates : RHP Vince Scripp
|
Batting: RHB Garrison Feltham
|
0-0: Ball 1-0: Called Strike 1-1: Called Strike 1-2: Strikes out swinging, 2-3 out at first.
|
Batting: RHB Jeckel Hester
|
0-0: Called Strike 0-1: Ball 1-1: Fly out, F7 (Flyball, 7D, EV 95.6 MPH)
|
Batting: RHB Liangde Li
|
0-0: Called Strike 0-1: Foul Ball, location: 2F 0-2: Ball 1-2: Ball 2-2: Foul Ball, location: 2F 2-2: Ground out 5-3 (Groundball, 56S, EV 91.2 MPH)
|
Top of the 5th over - 0 runs, 0 hits, 0 errors, 0 left on base; Atlanta 2 - Pittsburgh 0 |
BOTTOM OF THE 5TH |
Pittsburgh Pirates batting - Pitching for Atlanta Braves : RHP Franz Holzknecht
|
Batting: RHB Tommie Eaton
|
0-0: Called Strike 0-1: Foul Ball, location: 2F 0-2: Fly out, F3 (Popup, 23F, EV 83.1 MPH)
|
Batting: RHB David Contreras
|
0-0: Ball 1-0: Called Strike 1-1: Ball 2-1: SINGLE (Groundball, 6MD, EV 103.1 MPH)
|
Batting: RHB Eisse Bravenboer
|
0-0: Called Strike 0-1: Ball 1-1: Foul Ball, location: 2F 1-2: Foul Ball, location: 2F 1-2: Foul Ball, location: 2F 1-2: Ball 2-2: Grounds into double play, 4-6-3 (Groundball, 4, EV 80.6 MPH)
|
Bottom of the 5th over - 0 runs, 1 hit, 0 errors, 0 left on base; Atlanta 2 - Pittsburgh 0 |
TOP OF THE 6TH |
Atlanta Braves batting - Pitching for Pittsburgh Pirates : RHP Vince Scripp
|
Batting: RHB Butch Kaiser
|
0-0: Called Strike 0-1: Foul Ball, location: 2F 0-2: Foul Ball, location: 2F 0-2: Strikes out looking
|
Batting: SHB Brian Bagley
|
0-0: Foul Ball, location: 2F 0-1: Ball 1-1: Ball 2-1: Fly out, F9 (Flyball, 9, EV 85.6 MPH)
|
Batting: RHB Jordan Martin
|
0-0: Foul Ball, location: 2F 0-1: DOUBLE (Groundball, 5L, EV 102.5 MPH)
|
Batting: LHB Colin Worthington
|
0-0: Called Strike 0-1: Called Strike Jordan Martin steals 3rd base 0-2: DOUBLE (Groundball, 3L, EV 103.1 MPH) Jordan Martin scores
|
Batting: RHB Tade Post
|
0-0: SINGLE (Groundball, 56D, EV 98.8 MPH) Colin Worthington to third Runner from 3rd tries for Home, SAFE, throw by LF to home
|
Batting: LHB Chad Persaud
|
0-0: Called Strike 0-1: Ball 1-1: DOUBLE (Flyball, 7LD, EV 111.9 MPH) Tade Post to third Runner from 3rd tries for Home, SAFE, no throw by LF
|
Pitching: RHP Josh Allport
|
|
Batting: RHB Garrison Feltham
|
0-0: Called Strike 0-1: Ball 1-1: Ball 2-1: Ground out 4-3 (Groundball, 4, EV 90.6 MPH)
|
Top of the 6th over - 3 runs, 4 hits, 0 errors, 1 left on base; Atlanta 5 - Pittsburgh 0 |
BOTTOM OF THE 6TH |
Pittsburgh Pirates batting - Pitching for Atlanta Braves : RHP Franz Holzknecht
|
Batting: RHB Steve Jordan
|
0-0: Called Strike 0-1: Ball 1-1: Ball 2-1: Ball 3-1: Fly out, F4 (Flyball, 4MD, EV 81.2 MPH)
|
Batting: SHB Marvin McAleer
|
0-0: Fly out, F7 (Flyball, 78D, EV 98.8 MPH)
|
Batting: LHB Pat Sutton
|
0-0: Ball 1-0: Ground out U3 (Groundball, 34, EV 81.9 MPH)
|
Bottom of the 6th over - 0 runs, 0 hits, 0 errors, 0 left on base; Atlanta 5 - Pittsburgh 0 |
TOP OF THE 7TH |
Atlanta Braves batting - Pitching for Pittsburgh Pirates : RHP Josh Allport
|
Batting: RHB Jeckel Hester
|
0-0: Called Strike 0-1: Ball 1-1: SINGLE (Groundball, 25, EV 75.0 MPH) (infield hit)
|
Batting: RHB Liangde Li
|
0-0: Ball 1-0: Grounds into double play, 6-4-3 (Groundball, 6, EV 80.6 MPH)
|
Batting: RHB Butch Kaiser
|
0-0: SINGLE (Line Drive, 5D, EV 96.9 MPH)
|
Batting: SHB Brian Bagley
|
0-0: Ball Butch Kaiser steals 2nd base (no throw) 1-0: Called Strike 1-1: Foul Ball, location: 2F 1-2: Strikes out looking
|
Top of the 7th over - 0 runs, 2 hits, 0 errors, 1 left on base; Atlanta 5 - Pittsburgh 0 |
BOTTOM OF THE 7TH |
Pittsburgh Pirates batting - Pitching for Atlanta Braves : RHP Franz Holzknecht
|
Batting: RHB Vincent Poopwell
|
0-0: Ball 1-0: Swinging Strike 1-1: Ball 2-1: SINGLE (Groundball, 4S, EV 95.6 MPH)
|
Batting: LHB Theodore Conboy
|
0-0: Swinging Strike 0-1: Called Strike Vincent Poopwell steals 2nd base 0-2: Ground out 6-3 (Groundball, 6M, EV 93.8 MPH) Vincent Poopwell to third
|
Batting: RHB Mike Bates
|
0-0: Ball 1-0: Called Strike 1-1: Swinging Strike 1-2: Ground out 4-3 (Groundball, 4M, EV 93.8 MPH) Vincent Poopwell scores
|
Batting: RHB Tommie Eaton
|
0-0: Called Strike 0-1: Foul Ball, location: 2F 0-2: Ball 1-2: Fly out, F6 (Flyball, 6D, EV 89.4 MPH)
|
Bottom of the 7th over - 1 run, 1 hit, 0 errors, 0 left on base; Atlanta 5 - Pittsburgh 1 |
TOP OF THE 8TH |
Atlanta Braves batting - Pitching for Pittsburgh Pirates : RHP Josh Allport
|
Batting: RHB Jordan Martin
|
0-0: Ball 1-0: Ball 2-0: Ball 3-0: Called Strike 3-1: Ground out 6-3 (Groundball, 6, EV 108.8 MPH)
|
Batting: LHB Colin Worthington
|
0-0: Ball 1-0: Ground out 5-3 (Groundball, 15, EV 85.6 MPH)
|
Batting: RHB Tade Post
|
0-0: Called Strike 0-1: Ground out 6-3 (Groundball, 6S, EV 85.6 MPH)
|
Top of the 8th over - 0 runs, 0 hits, 0 errors, 0 left on base; Atlanta 5 - Pittsburgh 1 |
BOTTOM OF THE 8TH |
Pittsburgh Pirates batting - Pitching for Atlanta Braves : RHP Franz Holzknecht
|
Batting: RHB David Contreras
|
0-0: Foul Ball, location: 2F 0-1: Called Strike 0-2: Foul Ball, location: 2F 0-2: Ball 1-2: Ball 2-2: Fly out, F8 (Flyball, 8LXD, EV 108.8 MPH)
|
Batting: RHB Eisse Bravenboer
|
0-0: Called Strike 0-1: Ball 1-1: Swinging Strike 1-2: SINGLE (Line Drive, 4MD, EV 99.4 MPH)
|
Pitching: RHP Johnny Munoz
|
|
Batting: RHB Steve Jordan
|
0-0: Called Strike 0-1: Called Strike 0-2: Foul Ball, location: 2F 0-2: Foul Ball, location: 2F 0-2: SINGLE (Groundball, 4MD, EV 108.1 MPH) Eisse Bravenboer to second
|
Pitching: RHP Frank Schulman
|
|
Batting: SHB Marvin McAleer
|
0-0: Called Strike 0-1: Ball 1-1: Ground out 5-3 (Groundball, 5L, EV 81.2 MPH) Eisse Bravenboer to third Steve Jordan to second
|
Batting: LHB Pat Sutton
|
0-0: 3-RUN HOME RUN (Flyball, 89XD, EV 108.1 MPH), Distance : 405 ft
|
Batting: RHB Vincent Poopwell
|
0-0: Called Strike 0-1: Foul Ball, location: 2F 0-2: Ball 1-2: SINGLE (Line Drive, 8RS, EV 100.6 MPH)
|
Batting: LHB Theodore Conboy
|
0-0: Called Strike 0-1: Foul Ball, location: 2F 0-2: SINGLE (Line Drive, 4MD, EV 103.1 MPH) Vincent Poopwell to second Runner from 2nd tries for 3rd, OUT! 8-5
|
Bottom of the 8th over - 3 runs, 5 hits, 0 errors, 1 left on base; Atlanta 5 - Pittsburgh 4 |
TOP OF THE 9TH |
Atlanta Braves batting - Pitching for Pittsburgh Pirates : RHP Josh Allport
|
Pitching: RHP Steve Grier
|
|
Batting: LHB Chad Persaud
|
0-0: Fly out, F9 (Line Drive, 9, EV 86.9 MPH)
|
Batting: RHB Garrison Feltham
|
0-0: Ball 1-0: Foul Ball, location: 2F 1-1: Swinging Strike 1-2: Ball 2-2: Foul Ball, location: 2F 2-2: Strikes out looking
|
Batting: RHB Jeckel Hester
|
0-0: Ball 1-0: Ball 2-0: Called Strike 2-1: Ground out 6-3 (Groundball, 6, EV 90.0 MPH)
|
Top of the 9th over - 0 runs, 0 hits, 0 errors, 0 left on base; Atlanta 5 - Pittsburgh 4 |
BOTTOM OF THE 9TH |
Pittsburgh Pirates batting - Pitching for Atlanta Braves : RHP Frank Schulman
|
Batting: RHB Mike Bates
|
0-0: Called Strike 0-1: Foul Ball, location: 2F 0-2: Ball 1-2: SINGLE (Groundball, 4MD, EV 101.2 MPH)
|
Batting: RHB Tommie Eaton
|
0-0: Ball 1-0: Foul Ball, location: 2F 1-1: Ball 2-1: Sac Bunt to 25 - play at first, batter OUT! 5-4 Mike Bates to second
|
Batting: RHB David Contreras
|
0-0: Called Strike 0-1: Foul Ball, location: 2F 0-2: Strikes out looking
|
Batting: RHB Eisse Bravenboer
|
0-0: Ball 1-0: Ball 2-0: Called Strike 2-1: Foul Ball, location: 2F 2-2: Strikes out swinging
|
Bottom of the 9th over - 0 runs, 1 hit, 0 errors, 1 left on base; Atlanta 5 - Pittsburgh 4 |
|